 Dungeon Crawl Stone Soup version 0.30-b1-2-g02819fbbbe (webtiles) character file.

Game seed: 1701838884346404947

70 sanka the Ducker (level 4, 0/26 HPs)
             Began as a Deep Elf Transmuter on May 9, 2023.
             Killed by divine providence
             ... invoked by an orc priest
              (15 damage)
             ... on level 3 of the Dungeon.
             The game lasted 00:03:05 (2297 turns).

sanka the Ducker (Deep Elf Transmuter)              Turns: 2297, Time: 00:03:06

Health: 0/26       AC:  4    Str:  7    XL:     4   Next: 3%
Magic:  10/10      EV: 13    Int: 20    God:
Gold:   79         SH:  0    Dex: 15    Spells: 8/9 levels left

rFire   . . .        k - +0 long sword
rCold   . . .        (no shield)
rNeg    . . .        a - +0 robe
rPois   .            (no helmet)
rElec   .            h - +0 cloak
rCorr   .            (no gloves)
SInv    .            l - +0 pair of boots
Will    .....        (no amulet)
Stlth   +            (no ring)
HPRegen 0.24/turn    (no ring)
MPRegen 0.12/turn

%: no passive effects
@: no status effects
A: no striking features
a: no special abilities


You were on level 3 of the Dungeon.
You visited 1 branch of the dungeon, and saw 3 of its levels.

You collected 79 gold pieces.

Inventory:

Hand Weapons
 f - a +0 dagger of pain
 k - a +0 long sword (weapon)
Armour
 a - a +0 robe (worn)
 h - a +0 cloak (worn)
 l - a +0 pair of boots (worn)
Scrolls
 e - 3 scrolls of identify {unknown}
 g - a scroll of enchant weapon {unknown}
 i - a scroll of butterflies {unknown}
Potions
 b - a potion of lignification {!q}
 c - a potion of might {unknown}
 d - 4 potions of attraction {unknown}
 j - a potion of degeneration {unknown}
 m - a potion of haste {unknown}


   Skills:
 + Level 2.3 Fighting
 + Level 4.0 Dodging
 - Level 2.4 Unarmed Combat
 - Level 3.0 Spellcasting
 - Level 2.1 Transmutations


You had 8 spell levels left.
You knew the following spells:

 Your Spells              Type           Power      Damage    Failure   Level
a - Beastly Appendage     Tmut           22%        N/A       6%          1

Your spell library contained the following spells:

 Spells                   Type           Power      Damage    Failure   Level
 Wereblood                Tmut           11%        N/A       9%          2
 Blink                    Tloc           6%         N/A       22%         2
 Lesser Beckoning         Tloc           6%         N/A       22%         2
 Momentum Strike          Conj/Tloc      6%         3d8       22%         2
 Spider Form              Tmut/Pois      7%         N/A       26%         3
 Ice Form                 Ice/Tmut       7%         N/A       65%         4


Dungeon Overview and Level Annotations

Branches:
Dungeon (3/15)

Altars:


Message History

Found 9 gold pieces.
There is a stone staircase leading up here.
Unknown command.
Unknown command.
You now have 79 gold pieces (gained 9).
Found a leather armour.
A bat comes into view.
You see here an orange potion.
The bat misses you. The bat closely misses you.
You miss the bat. The bat closely misses you.
The bat hits you but does no damage. The bat closely misses you.
The bat hits you.
You barely miss the bat. The bat hits you but does no damage.
You barely miss the bat. The bat barely misses you.
The bat closely misses you. x2
You barely miss the bat. The bat hits you. The bat barely misses you.
The bat closely misses you. The bat misses you.
You completely miss the bat. The bat hits you but does no damage.
You slash the bat!
You kill the bat!
No target in view!
No target in view!
No target in view!
HP restored.
m - an orange potion An orc comes into view.
It is wielding a +0 dagger.
The orc shouts!
You hear a shout! x3
Found a book of the Warp.
An adder comes into view.
An orc priest comes into view. It is wielding a +0 club.
The orc priest shouts!
The orc priest calls down the wrath of Beogh upon you.
Beogh smites you!
Ouch! That really hurt!
You hear an angry hiss.
There is a stone staircase leading up here.
The orc barely misses you.
The orc priest invokes the aid of Beogh against you.
Beogh smites you!
Ouch! That really hurt!
You die...

.........#.#.#
.......#o#.#.#
......##...#.#
###### ##..#.#
#..#.#
#....### #
##.....#
....#..o..#
#....@..#
###.....#
#######


You could see an orc priest and an orc.

Vanquished Creatures
  2 adders (D:2)
  4 dart slugs (D:2)
  5 ball pythons
  2 bats
  An endoplasm (D:1)
  A goblin (D:1)
  5 hobgoblins
  4 jackals (D:1)
  6 kobolds
  4 quokkas
  3 frilled lizards
  4 rats
41 creatures vanquished.

Notes
Turn   | Place    | Note
-------+----------+-------------------------------------------
     0 | D:1      | sanka the Deep Elf Transmuter began the quest for the Orb.
     0 | D:1      | Reached XP level 1. HP: 11/11 MP: 6/6
    58 | D:1      | Reached skill level 1 in Fighting
   228 | D:1      | Reached XP level 2. HP: 4/16 MP: 8/8
   331 | D:1      | Reached skill level 3 in Dodging
   693 | D:1      | You fall into a shaft and drop 1 floor!
  1240 | D:2      | Reached XP level 3. HP: 19/21 MP: 9/9
  1560 | D:2      | Reached skill level 4 in Dodging
  2014 | D:2      | Reached XP level 4. HP: 25/26 MP: 10/10
  2297 | D:3      | Killed from afar by an orc priest

Illustrated notes

Levels and vault maps discovered:
D:1:      amcnicky_arrival_feature_with_door, layout_loops_corners, st_stairs_6,
          nrook_loot_triangle
D:2:      layout_basic
D:3:      layout_rooms, chequers_serial_rivers_room_a, kennysheep_nondescript,
          hangedman_decor_lopped, uniq_jessica

Skill      XL: |  1  2  3 |
---------------+----------+-----
Fighting       | 1 2 |  2.3
Dodging        | 3 4 |  4.0
Unarmed Combat | |  2.4
Spellcasting   | |  3.0
Transmutations | |  2.1

Action                     |  1- 3 |  4- 6 || total
---------------------------+-------+-------++-------
  Melee: Unarmed           |   114 |       ||   114
         Kick              |    22 |       ||    22
         Headbutt          |     9 |       ||     9
         Punch             |     6 |       ||     6
         Long sword        |    25 |     6 ||    31
   Cast: Beastly Appendage |    22 |       ||    22
   Stab: Sleeping          |     2 |       ||     2
 Armour: Robe              |    24 |     3 ||    27
  Dodge: Dodged            |    98 |    11 ||   109
